Devils vs Penguins

Created - November 4, 2016 at 18:15

Goals
1 2 3 OT1 T
Devils 1 0 1 0 2
Penguins 0 2 0 1 3
Shots
1 2 3 OT1 T
Devils 14 7 11 2 34
Penguins 6 14 9 3 32

1st period

1. Devils , Tommy Wingels 4 (Ales Hemsky) at 2:41

Penalties :
Matt Hunwick (PIT) for Interference (Minor) at 3:22, Tommy Wingels (NJD) for Hooking (Minor) at 5:49

2nd period

2. Penguins , Brandon Saad 5 (Mike Cammalleri, Anze Kopitar) at 9:44 (PP)
3. Penguins , Mark Arcobello 1 (Luke Glendening, Mark Giordano) at 10:58

Penalties :
Ryan Suter (PIT) for Tripping (Minor) at 3:39, Valtteri Filppula (NJD) for Roughing (Minor) at 4:47, Mikko Koivu (NJD) for Interference (Minor) at 8:57, Ryan Pulock (NJD) for Hooking (Minor) at 19:15

3rd period

4. Devils , Shayne Gostisbehere 3 (Drew Stafford, Michal Rozsival) at 17:04 (PP)

Penalties :
Darren Helm (NJD) for Hooking (Minor) at 8:57, Mark Arcobello (PIT) for Interference (Minor) at 16:06

Overtime #1

5. Penguins , Mark Giordano 4 (Anze Kopitar, Victor Hedman) at 4:39

Penalties :
No Penalty

Goalie Stats

Corey Crawford (NJD), 29 saves from 32 shots - (0.906), OTL, 2-1-3, 64:40 minutes
Connor Hellebuyck (PIT), 32 saves from 34 shots - (0.941), W, 2-0-0, 64:40 minutes

Players Stats for Devils

Player Name              G  A  P  +/- PIM S  H  SB GA TA FO     MP     PP MP  PK MP  
------------------------------------------------------------------------------------
Ales Hemsky              0  1  1   0  0   2  0  1  0  0  1/1    12:51   0:00   0:00 
Anton Stralman           0  0  0  -1  0   5  0  2  0  0  0/0    27:12   1:52   3:09 
Brandon Prust            0  0  0   0  0   0  0  0  0  0  0/0     0:00   0:00   0:00 
Brandon Sutter           0  0  0   0  0   0  0  1  0  0  13/31  20:41   2:13   4:48 
Darren Helm              0  0  0   0  2   3  0  0  0  0  7/16   14:53   0:00   0:00 
Dougie Hamilton          0  0  0   0  0   1  1  2  0  0  0/0    23:38   1:52   3:35 
Drew Stafford            0  1  1   0  0   2  2  0  0  0  4/12   22:09   2:13   3:04 
James Neal               0  0  0   0  0   7  3  1  0  0  1/4    23:17   1:52   2:56 
Michal Rozsival          0  1  1   0  0   0  2  2  0  0  0/0    23:26   2:13   4:25 
Miikka Salomaki          0  0  0   0  0   1  2  0  0  0  0/0     7:11   0:00   0:08 
Mikko Koivu              0  0  0   0  2   4  0  0  0  0  10/24  20:39   1:52   0:00 
Ryan Pulock              0  0  0  -1  2   0  0  0  0  0  0/0     4:21   0:00   0:00 
Shayne Gostisbehere      1  0  1   0  0   2  0  1  0  0  0/0    22:56   2:13   4:35 
Steven Kampfer           0  0  0   1  0   0  1  1  0  0  0/0    13:43   0:00   0:00 
Tommy Wingels            1  0  1   0  2   3  4  0  0  0  0/0    20:46   0:00   0:53 
Trevor Daley             0  0  0   1  0   0  0  0  0  0  0/0    14:03   0:00   0:00 
Tyler Johnson            0  0  0   0  0   3  0  1  0  0  3/5    19:27   1:52   0:00 
Valtteri Filppula        0  0  0   0  2   1  2  1  0  0  1/2    18:39   2:12   3:55 

Players Stats for Penguins

Player Name              G  A  P  +/- PIM S  H  SB GA TA FO     MP     PP MP  PK MP  
------------------------------------------------------------------------------------
Alexander Wennberg       0  0  0   0  0   3  0  0  0  0  7/10   11:02   0:00   0:00 
Anze Kopitar             0  2  2   0  0   5  0  1  0  0  19/31  23:29   4:42   0:00 
Brandon Saad             1  0  1   0  0   3  3  0  0  0  0/1    21:06   4:42   0:00 
David Perron             0  0  0   0  0   2  4  0  0  0  1/1    11:02   0:00   0:00 
Dmitry Kulikov           0  0  0   0  0   0  1  1  0  0  0/0    13:17   0:00   0:00 
Gabriel Landeskog        0  0  0   0  0   3  3  0  0  0  0/0    20:45   3:23   0:51 
Jakub Voracek            0  0  0   0  0   2  0  0  0  0  0/3    21:56   3:10   0:00 
Luke Glendening          0  1  1   0  0   1  0  0  0  0  10/19   7:09   0:00   3:14 
Mark Arcobello           1  0  1   0  2   1  0  0  0  0  0/0     3:54   0:00   0:00 
Mark Giordano            1  1  2   1  0   2  2  2  0  0  0/0    24:14   2:59   1:19 
Matt Hunwick             0  0  0   1  2   0  2  0  0  0  0/0    23:26   3:17   1:16 
Mike Cammalleri          0  1  1   0  0   3  3  0  0  0  1/3    26:10   4:29   3:14 
Nathan MacKinnon         0  0  0   0  0   3  0  0  0  0  16/25  22:02   3:10   0:00 
Oliver Bjorkstrand       0  0  0   0  0   1  0  0  0  0  1/2    11:02   0:00   0:00 
Pavel Zacha              0  0  0   0  0   1  0  0  0  0  0/0     4:46   0:00   0:51 
Ryan Suter               0  0  0  -1  2   1  1  1  0  0  0/0    26:17   4:53   2:22 
Seth Jones               0  0  0   0  0   0  1  1  0  0  0/0    14:05   0:00   0:08 
Victor Hedman            0  1  1  -1  0   1  2  2  0  0  0/0    27:59   4:35   3:05 

3 Stars

1 - Mark Giordano (PIT)
2 - Brandon Saad (PIT)
3 - Connor Hellebuyck (PIT)

Power Play

Devils - 1 on 3 Attempt(s) - 33.33%
Penguins - 1 on 5 Attempt(s) - 20.00%

Penalty Kill

Devils - 4 on 5 Attempt(s) - 80.00% - Score 0 goal in Penalty Kill
Penguins - 2 on 3 Attempt(s) - 66.67% - Score 0 goal in Penalty Kill

Team Stat

Devils - Hits : 17 - Faceoff Wins : 40 - Blocked Shots : 13 - Penalty Minutes : 10
Penguins - Hits : 22 - Faceoff Wins : 55 - Blocked Shots : 8 - Penalty Minutes : 6

Official

Referees : Tom Kowal and Mark Lemelin
Linesman : Steve Barton and Brad Lazarowich

Game Notes

No Game Note

Finance

Level 1 -- Attendance: 5913 (90.97%) -- Ticket Income $650,430
Level 2 -- Attendance: 4519 (90.38%) -- Ticket Income $361,520
Level 3 -- Attendance: 2648 (75.66%) -- Ticket Income $172,120
Level 4 -- Attendance: 1982 (83.03%) -- Ticket Income $99,100
Luxury Box -- Attendance: 913 (91.30%) -- Ticket Income $173,470
Game was played at the Consol Energy Center.
Total Attendance: 15975 (86.88%)
Total Ticket Income: $1,456,640
Other Income: $218,496
Total Income: $1,675,136

% Time on Ice - Devils

Lines # - Real PCT - Wanted PCT - Time Play
Normal Forward
1 - 33% - 30% - 15:26
2 - 25% - 25% - 11:52
3 - 27% - 25% - 12:51
4 - 15% - 20% - 7:03
Normal Defense
1 - 33% - 40% - 15:32
2 - 34% - 30% - 16:08
3 - 25% - 20% - 11:56
4 - 8% - 10% - 3:36
PP Forward
1 - 46% - 50% - 1:52
2 - 54% - 50% - 2:13
PP Defense
1 - 46% - 50% - 1:52
2 - 54% - 50% - 2:13
PK Forward
1 - 61% - 50% - 4:48
2 - 39% - 50% - 3:04
PK Defense
1 - 46% - 50% - 3:35
2 - 54% - 50% - 4:17
PK3 Forward
1 - 0% - 60%
2 - 0% - 40%
PK3 Defense
1 - 0% - 60%
2 - 0% - 40%
44 Forward
1 - 100% - 60% - 0:51
2 - 0% - 40% - 0:00
44 Defense
1 - 100% - 60% - 0:51
2 - 0% - 40% - 0:00
Last Minute Offensive  - 0:00
Last Minute Defensive  - 0:00
Total
Forward - 60:00
Defense - 60:00

% Time on Ice - Penguins

Lines # - Real PCT - Wanted PCT - Time Play
Normal Forward
1 - 33% - 33% - 15:44
2 - 35% - 33% - 16:31
3 - 23% - 23% - 11:02
4 - 8% - 11% - 3:55
Normal Defense
1 - 37% - 40% - 17:16
2 - 35% - 35% - 16:39
3 - 28% - 25% - 13:17
4 - 0% - 0% - 0:00
PP Forward
1 - 60% - 60% - 4:42
2 - 40% - 40% - 3:10
PP Defense
1 - 62% - 60% - 4:53
2 - 38% - 40% - 2:59
PK Forward
1 - 79% - 60% - 3:14
2 - 21% - 40% - 0:51
PK Defense
1 - 71% - 60% - 2:54
2 - 29% - 40% - 1:11
PK3 Forward
1 - 0% - 60%
2 - 0% - 40%
PK3 Defense
1 - 0% - 60%
2 - 0% - 40%
44 Forward
1 - 65% - 60% - 0:33
2 - 35% - 40% - 0:18
44 Defense
1 - 65% - 60% - 0:33
2 - 35% - 40% - 0:18
Last Minute Offensive  - 0:00
Last Minute Defensive  - 0:00
Total
Forward - 60:00
Defense - 60:00

Play by Play

1st period


0:01 of 1st period - Anze Kopitar wins face-off versus Mikko Koivu in neutral zone.
0:12 of 1st period - Anton Stralman is hit by Mike Cammalleri and loses puck.
1:02 of 1st period - Shot by Gabriel Landeskog.
1:02 of 1st period - Shot Misses the Net.
1:17 of 1st period - Valtteri Filppula is hit by Matt Hunwick and loses puck.
2:18 of 1st period - Shot by David Perron.
2:18 of 1st period - Shot Blocked by Ales Hemsky.
2:23 of 1st period - Icing by Darren Helm.
2:24 of 1st period - Luke Glendening wins face-off versus Darren Helm in Devils zone.
2:39 of 1st period - Shot by Tommy Wingels.
2:39 of 1st period - Stopped by Connor Hellebuyck with a rebound.
2:41 of 1st period - Shot by Tommy Wingels.
2:41 of 1st period - Goal by Tommy Wingels - Devils : 1 - Penguins : 0.
2:42 of 1st period - Anze Kopitar wins face-off versus Mikko Koivu in neutral zone.
2:45 of 1st period - Shot by Mike Cammalleri.
2:45 of 1st period - Shot Misses the Net.
3:22 of 1st period - Minor Penalty to Matt Hunwick for Interference.
3:23 of 1st period - Brandon Sutter wins face-off versus Luke Glendening in Penguins zone.
3:39 of 1st period - Off-side.
3:40 of 1st period - Luke Glendening wins face-off versus Valtteri Filppula in neutral zone.
4:12 of 1st period - Valtteri Filppula is hit by Mark Giordano.
4:14 of 1st period - Shot by Dougie Hamilton.
4:14 of 1st period - Stopped by Connor Hellebuyck with a rebound.
4:35 of 1st period - Shot by James Neal.
4:35 of 1st period - Stopped by Connor Hellebuyck without a rebound.
4:36 of 1st period - Luke Glendening wins face-off versus Mikko Koivu in Penguins zone.
4:48 of 1st period - Icing by Mikko Koivu.
4:49 of 1st period - Luke Glendening wins face-off versus Mikko Koivu in Devils zone.
4:52 of 1st period - Shot by Mike Cammalleri.
4:52 of 1st period - Stopped by Corey Crawford without a rebound.
4:53 of 1st period - Luke Glendening wins face-off versus Tyler Johnson in Devils zone.
4:54 of 1st period - Shot by Mike Cammalleri.
4:54 of 1st period - Stopped by Corey Crawford with a rebound.
5:02 of 1st period - Luke Glendening is hit by James Neal and loses puck.
5:15 of 1st period - Shot by Mikko Koivu.
5:15 of 1st period - Stopped by Connor Hellebuyck without a rebound.
5:16 of 1st period - Luke Glendening wins face-off versus Brandon Sutter in Penguins zone.
5:16 of 1st period - Luke Glendening is hit by Valtteri Filppula.
5:44 of 1st period - Shot by Darren Helm.
5:44 of 1st period - Stopped by Connor Hellebuyck without a rebound.
5:45 of 1st period - Alexander Wennberg wins face-off versus Brandon Sutter in Penguins zone.
5:47 of 1st period - Icing by David Perron.
5:48 of 1st period - Alexander Wennberg wins face-off versus Drew Stafford in Penguins zone.
5:48 of 1st period - Alexander Wennberg is hit by Tommy Wingels.
5:49 of 1st period - Minor Penalty to Tommy Wingels for Hooking.
5:50 of 1st period - Brandon Sutter wins face-off versus Anze Kopitar in Devils zone.
6:09 of 1st period - Shot by Victor Hedman.
6:09 of 1st period - Shot Blocked by Shayne Gostisbehere.
6:33 of 1st period - Brandon Sutter is hit by Mike Cammalleri and loses puck.
7:31 of 1st period - Shot by Gabriel Landeskog.
7:31 of 1st period - Shot Misses the Net.
8:25 of 1st period - Seth Jones is hit by Tommy Wingels and loses puck.
9:49 of 1st period - Michal Rozsival is hit by Brandon Saad.
10:00 of 1st period - Icing by Victor Hedman.
10:01 of 1st period - Drew Stafford wins face-off versus Anze Kopitar in Penguins zone.
10:14 of 1st period - Shot by Tommy Wingels.
10:14 of 1st period - Stopped by Connor Hellebuyck with a rebound.
11:00 of 1st period - Shot by Jakub Voracek.
11:00 of 1st period - Shot Misses the Net.
11:22 of 1st period - Shot by Valtteri Filppula.
11:22 of 1st period - Shot Misses the Net.
12:00 of 1st period - Shot by Pavel Zacha.
12:00 of 1st period - Stopped by Corey Crawford with a rebound.
12:05 of 1st period - Icing by Trevor Daley.
12:06 of 1st period - Valtteri Filppula wins face-off versus Alexander Wennberg in Devils zone.
13:00 of 1st period - Shot by Tyler Johnson.
13:00 of 1st period - Stopped by Connor Hellebuyck with a rebound.
13:02 of 1st period - Shot by James Neal.
13:02 of 1st period - Stopped by Connor Hellebuyck without a rebound.
13:03 of 1st period - Anze Kopitar wins face-off versus Drew Stafford in Penguins zone.
13:03 of 1st period - Anze Kopitar is hit by Miikka Salomaki.
13:13 of 1st period - Shot by Brandon Saad.
13:13 of 1st period - Shot Misses the Net.
13:48 of 1st period - Shot by Anze Kopitar.
13:48 of 1st period - Stopped by Corey Crawford without a rebound.
13:49 of 1st period - Nathan MacKinnon wins face-off versus James Neal in Devils zone.
14:32 of 1st period - Shot by James Neal.
14:32 of 1st period - Shot Misses the Net.
14:34 of 1st period - Shot by James Neal.
14:34 of 1st period - Stopped by Connor Hellebuyck without a rebound.
14:35 of 1st period - Brandon Sutter wins face-off versus Luke Glendening in Penguins zone.
14:35 of 1st period - Brandon Sutter is hit by Victor Hedman.
15:03 of 1st period - Icing by Ryan Suter.
15:04 of 1st period - Luke Glendening wins face-off versus Darren Helm in Penguins zone.
15:06 of 1st period - Icing by Pavel Zacha.
15:07 of 1st period - Luke Glendening wins face-off versus Darren Helm in Penguins zone.
15:28 of 1st period - Shot by Darren Helm.
15:28 of 1st period - Stopped by Connor Hellebuyck without a rebound.
15:29 of 1st period - Brandon Sutter wins face-off versus Nathan MacKinnon in Penguins zone.
15:30 of 1st period - Shot by Valtteri Filppula.
15:30 of 1st period - Stopped by Connor Hellebuyck without a rebound.
15:31 of 1st period - Nathan MacKinnon wins face-off versus Brandon Sutter in Penguins zone.
15:31 of 1st period - Nathan MacKinnon is hit by Valtteri Filppula.
15:42 of 1st period - Shot by Brandon Sutter.
15:42 of 1st period - Deflect By Drew Stafford.
15:42 of 1st period - Shot Misses the Net.
15:45 of 1st period - Valtteri Filppula is hit by Matt Hunwick and loses puck.
15:51 of 1st period - Icing by Mark Giordano.
15:52 of 1st period - Darren Helm wins face-off versus Nathan MacKinnon in Penguins zone.
16:09 of 1st period - Shot by Darren Helm.
16:09 of 1st period - Deflect By Ales Hemsky.
16:09 of 1st period - Stopped by Connor Hellebuyck without a rebound.
16:10 of 1st period - Anze Kopitar wins face-off versus Mikko Koivu in Penguins zone.
17:00 of 1st period - Off-side.
17:01 of 1st period - Nathan MacKinnon wins face-off versus Drew Stafford in neutral zone.
17:18 of 1st period - Shot by Gabriel Landeskog.
17:18 of 1st period - Shot Misses the Net.
18:02 of 1st period - Dmitry Kulikov is hit by Tommy Wingels and loses puck.
18:08 of 1st period - Icing by David Perron.
18:09 of 1st period - Alexander Wennberg wins face-off versus Mikko Koivu in Penguins zone.
18:09 of 1st period - Seth Jones is hit by James Neal and loses puck.
18:27 of 1st period - Icing by Tyler Johnson.
18:28 of 1st period - Anze Kopitar wins face-off versus Tyler Johnson in Devils zone.
18:41 of 1st period - Shot by Mikko Koivu.
18:41 of 1st period - Stopped by Connor Hellebuyck without a rebound.
18:42 of 1st period - Nathan MacKinnon wins face-off versus Brandon Sutter in Penguins zone.
18:54 of 1st period - Shot by Nathan MacKinnon.
18:54 of 1st period - Deflect By Gabriel Landeskog.
18:54 of 1st period - Stopped by Corey Crawford without a rebound.
18:55 of 1st period - Anze Kopitar wins face-off versus Mikko Koivu in Devils zone.
19:00 of 1st period - Shot by Brandon Saad.
19:00 of 1st period - Deflect By Anze Kopitar.
19:00 of 1st period - Stopped by Corey Crawford without a rebound.
19:01 of 1st period - Nathan MacKinnon wins face-off versus Darren Helm in Devils zone.
19:18 of 1st period - Shot by Gabriel Landeskog.
19:18 of 1st period - Shot Blocked by Dougie Hamilton.
19:28 of 1st period - Icing by Jakub Voracek.
19:29 of 1st period - Brandon Sutter wins face-off versus Nathan MacKinnon in Penguins zone.
19:33 of 1st period - Icing by Gabriel Landeskog.
19:34 of 1st period - Nathan MacKinnon wins face-off versus Brandon Sutter in Penguins zone.
19:53 of 1st period - Shot by Nathan MacKinnon.
19:53 of 1st period - Shot Misses the Net.
Goals for this period are 1 for Devils vs 0 for Penguins.
Shots for this period are 14 for Devils vs 6 for Penguins.

2nd period


0:01 of 2nd period - Darren Helm wins face-off versus Anze Kopitar in neutral zone.
0:07 of 2nd period - Ales Hemsky is hit by Mark Giordano and loses puck.
0:53 of 2nd period - Icing by Ales Hemsky.
0:54 of 2nd period - Alexander Wennberg wins face-off versus Darren Helm in Devils zone.
0:59 of 2nd period - Shot by Alexander Wennberg.
0:59 of 2nd period - Stopped by Corey Crawford without a rebound.
1:00 of 2nd period - Alexander Wennberg wins face-off versus Brandon Sutter in Devils zone.
1:32 of 2nd period - Shot by David Perron.
1:32 of 2nd period - Shot Misses the Net.
1:40 of 2nd period - Shot by Alexander Wennberg.
1:40 of 2nd period - Stopped by Corey Crawford without a rebound.
1:41 of 2nd period - Tyler Johnson wins face-off versus Nathan MacKinnon in Devils zone.
1:58 of 2nd period - Shot by James Neal.
1:58 of 2nd period - Stopped by Connor Hellebuyck with a rebound.
2:08 of 2nd period - Shot by Tyler Johnson.
2:08 of 2nd period - Stopped by Connor Hellebuyck without a rebound.
2:09 of 2nd period - Darren Helm wins face-off versus Anze Kopitar in Penguins zone.
2:31 of 2nd period - Shot by Darren Helm.
2:31 of 2nd period - Shot Misses the Net.
2:33 of 2nd period - Shot by Darren Helm.
2:33 of 2nd period - Shot Blocked by Dmitry Kulikov.
2:35 of 2nd period - Shot by Darren Helm.
2:35 of 2nd period - Shot Blocked by Seth Jones.
2:37 of 2nd period - Shot by Tommy Wingels.
2:37 of 2nd period - Shot Misses the Net.
2:39 of 2nd period - Shot by Anton Stralman.
2:39 of 2nd period - Shot Misses the Net.
3:19 of 2nd period - Shot by Mikko Koivu.
3:19 of 2nd period - Stopped by Connor Hellebuyck without a rebound.
3:20 of 2nd period - Oliver Bjorkstrand wins face-off versus Brandon Sutter in Penguins zone.
3:34 of 2nd period - Shot by Drew Stafford.
3:34 of 2nd period - Shot Misses the Net.
3:36 of 2nd period - Shot by Drew Stafford.
3:36 of 2nd period - Stopped by Connor Hellebuyck without a rebound.
3:37 of 2nd period - Mikko Koivu wins face-off versus Nathan MacKinnon in Penguins zone.
3:37 of 2nd period - Tyler Johnson is hit by Ryan Suter and loses puck.
3:39 of 2nd period - Minor Penalty to Ryan Suter for Tripping.
3:40 of 2nd period - Mikko Koivu wins face-off versus Luke Glendening in Penguins zone.
3:59 of 2nd period - Shot by Anton Stralman.
3:59 of 2nd period - Stopped by Connor Hellebuyck without a rebound.
4:00 of 2nd period - Brandon Sutter wins face-off versus Luke Glendening in Penguins zone.
4:01 of 2nd period - Shot by Drew Stafford.
4:01 of 2nd period - Shot Misses the Net.
4:29 of 2nd period - Shot by Brandon Sutter.
4:29 of 2nd period - Shot Misses the Net.
4:47 of 2nd period - Minor Penalty to Valtteri Filppula for Roughing.
4:48 of 2nd period - Mikko Koivu wins face-off versus Mike Cammalleri in Devils zone.
5:56 of 2nd period - Shot by Ryan Suter.
5:56 of 2nd period - Stopped by Corey Crawford without a rebound.
5:57 of 2nd period - Brandon Sutter wins face-off versus Anze Kopitar in Devils zone.
6:09 of 2nd period - Off-side.
6:10 of 2nd period - Nathan MacKinnon wins face-off versus Brandon Sutter in neutral zone.
6:22 of 2nd period - Shot by Gabriel Landeskog.
6:22 of 2nd period - Shot Misses the Net.
6:24 of 2nd period - Shot by Victor Hedman.
6:24 of 2nd period - Stopped by Corey Crawford without a rebound.
6:25 of 2nd period - Anze Kopitar wins face-off versus Brandon Sutter in Devils zone.
6:56 of 2nd period - Shot by James Neal.
6:56 of 2nd period - Stopped by Connor Hellebuyck without a rebound.
6:57 of 2nd period - Nathan MacKinnon wins face-off versus Drew Stafford in Penguins zone.
7:26 of 2nd period - Shot by Nathan MacKinnon.
7:26 of 2nd period - Stopped by Corey Crawford with a rebound.
7:38 of 2nd period - Shot by Nathan MacKinnon.
7:38 of 2nd period - Shot Misses the Net.
7:42 of 2nd period - Shot by Gabriel Landeskog.
7:42 of 2nd period - Shot Misses the Net.
7:57 of 2nd period - Icing by Anton Stralman.
7:58 of 2nd period - Alexander Wennberg wins face-off versus Drew Stafford in Devils zone.
8:01 of 2nd period - Shot by David Perron.
8:01 of 2nd period - Deflect By Oliver Bjorkstrand.
8:01 of 2nd period - Shot Misses the Net.
8:03 of 2nd period - Shot by Alexander Wennberg.
8:03 of 2nd period - Deflect By Oliver Bjorkstrand.
8:03 of 2nd period - Shot Blocked by Anton Stralman.
8:19 of 2nd period - Matt Hunwick is hit by Miikka Salomaki and loses puck.
8:26 of 2nd period - Anton Stralman is hit by David Perron and loses puck.
8:57 of 2nd period - Minor Penalty to Mikko Koivu for Interference.
8:58 of 2nd period - Anze Kopitar wins face-off versus Brandon Sutter in Devils zone.
9:21 of 2nd period - Valtteri Filppula is hit by Mike Cammalleri and loses puck.
9:34 of 2nd period - Shot by Brandon Saad.
9:34 of 2nd period - Shot Blocked by Brandon Sutter.
9:40 of 2nd period - Shot by Ryan Suter.
9:40 of 2nd period - Shot Misses the Net.
9:42 of 2nd period - Shot by Brandon Saad.
9:42 of 2nd period - Deflect By Anze Kopitar.
9:42 of 2nd period - Shot Blocked by Valtteri Filppula.
9:44 of 2nd period - Shot by Mike Cammalleri.
9:44 of 2nd period - Deflect By Brandon Saad.
9:44 of 2nd period - Goal by Brandon Saad - Devils : 1 - Penguins : 1.
9:45 of 2nd period - Mikko Koivu wins face-off versus Nathan MacKinnon in neutral zone.
9:57 of 2nd period - James Neal is hit by Seth Jones and loses puck.
10:18 of 2nd period - Shot by James Neal.
10:18 of 2nd period - Stopped by Connor Hellebuyck without a rebound.
10:19 of 2nd period - Darren Helm wins face-off versus Luke Glendening in Penguins zone.
10:56 of 2nd period - Shot by Luke Glendening.
10:56 of 2nd period - Stopped by Corey Crawford with a rebound.
10:58 of 2nd period - Shot by Mark Arcobello.
10:58 of 2nd period - Goal by Mark Arcobello - Devils : 1 - Penguins : 2.
10:59 of 2nd period - Anze Kopitar wins face-off versus Brandon Sutter in neutral zone.
11:11 of 2nd period - Icing by Shayne Gostisbehere.
11:12 of 2nd period - Nathan MacKinnon wins face-off versus Brandon Sutter in Devils zone.
11:47 of 2nd period - Shot by Nathan MacKinnon.
11:47 of 2nd period - Shot Blocked by Michal Rozsival.
12:21 of 2nd period - Shot by Anze Kopitar.
12:21 of 2nd period - Shot Misses the Net.
12:25 of 2nd period - Shot by Anze Kopitar.
12:25 of 2nd period - Shot Misses the Net.
12:27 of 2nd period - Shot by Anze Kopitar.
12:27 of 2nd period - Shot Misses the Net.
13:05 of 2nd period - Brandon Sutter is hit by David Perron and loses puck.
13:11 of 2nd period - Icing by Valtteri Filppula.
13:12 of 2nd period - Luke Glendening wins face-off versus Brandon Sutter in Devils zone.
14:25 of 2nd period - Shot by Nathan MacKinnon.
14:25 of 2nd period - Deflect By Jakub Voracek.
14:25 of 2nd period - Shot Misses the Net.
14:41 of 2nd period - Shot by Nathan MacKinnon.
14:41 of 2nd period - Stopped by Corey Crawford without a rebound.
14:42 of 2nd period - Ales Hemsky wins face-off versus Anze Kopitar in Devils zone.
14:42 of 2nd period - Ales Hemsky is hit by Brandon Saad.
15:02 of 2nd period - Icing by Ryan Suter.
15:03 of 2nd period - Mikko Koivu wins face-off versus Anze Kopitar in Penguins zone.
15:03 of 2nd period - James Neal is hit by Victor Hedman and loses puck.
15:32 of 2nd period - Shot by Anze Kopitar.
15:32 of 2nd period - Stopped by Corey Crawford without a rebound.
15:33 of 2nd period - David Perron wins face-off versus Darren Helm in Devils zone.
15:53 of 2nd period - Shot by Alexander Wennberg.
15:53 of 2nd period - Shot Misses the Net.
16:55 of 2nd period - Shot by Gabriel Landeskog.
16:55 of 2nd period - Shot Misses the Net.
17:07 of 2nd period - Shot by Nathan MacKinnon.
17:07 of 2nd period - Shot Blocked by Steven Kampfer.
17:09 of 2nd period - Shot by Nathan MacKinnon.
17:09 of 2nd period - Deflect By Jakub Voracek.
17:09 of 2nd period - Stopped by Corey Crawford with a rebound.
17:11 of 2nd period - Shot by Jakub Voracek.
17:11 of 2nd period - Stopped by Corey Crawford without a rebound.
17:12 of 2nd period - Mikko Koivu wins face-off versus Anze Kopitar in Devils zone.
17:31 of 2nd period - Shot by Tyler Johnson.
17:31 of 2nd period - Shot Misses the Net.
17:45 of 2nd period - Shot by Mike Cammalleri.
17:45 of 2nd period - Shot Misses the Net.
18:46 of 2nd period - Shot by Mark Arcobello.
18:46 of 2nd period - Shot Misses the Net.
19:15 of 2nd period - Minor Penalty to Ryan Pulock for Hooking.
19:16 of 2nd period - Brandon Sutter wins face-off versus Anze Kopitar in Devils zone.
19:41 of 2nd period - Shot by Anze Kopitar.
19:41 of 2nd period - Deflect By Brandon Saad.
19:41 of 2nd period - Stopped by Corey Crawford without a rebound.
19:42 of 2nd period - Nathan MacKinnon wins face-off versus Brandon Sutter in Devils zone.
19:43 of 2nd period - Shot by Gabriel Landeskog.
19:43 of 2nd period - Stopped by Corey Crawford without a rebound.
19:44 of 2nd period - Brandon Sutter wins face-off versus Nathan MacKinnon in Devils zone.
Goals for this period are 0 for Devils vs 2 for Penguins.
Shots for this period are 7 for Devils vs 14 for Penguins.

3rd period


0:01 of 3rd period - Anze Kopitar wins face-off versus Drew Stafford in neutral zone.
0:12 of 3rd period - Shot by Victor Hedman.
0:12 of 3rd period - Shot Misses the Net.
1:09 of 3rd period - Shot by Gabriel Landeskog.
1:09 of 3rd period - Shot Misses the Net.
1:11 of 3rd period - Shot by Mark Giordano.
1:11 of 3rd period - Stopped by Corey Crawford without a rebound.
1:12 of 3rd period - Drew Stafford wins face-off versus Nathan MacKinnon in Devils zone.
1:12 of 3rd period - Drew Stafford is hit by Gabriel Landeskog.
1:45 of 3rd period - Shot by Ales Hemsky.
1:45 of 3rd period - Stopped by Connor Hellebuyck without a rebound.
1:46 of 3rd period - Nathan MacKinnon wins face-off versus James Neal in Penguins zone.
2:09 of 3rd period - Shot by Gabriel Landeskog.
2:09 of 3rd period - Shot Misses the Net.
2:21 of 3rd period - Shot by Gabriel Landeskog.
2:21 of 3rd period - Stopped by Corey Crawford without a rebound.
2:22 of 3rd period - Drew Stafford wins face-off versus Mike Cammalleri in Devils zone.
2:31 of 3rd period - Shot by Miikka Salomaki.
2:31 of 3rd period - Stopped by Connor Hellebuyck with a rebound.
2:33 of 3rd period - Shot by Tommy Wingels.
2:33 of 3rd period - Shot Blocked by Anze Kopitar.
2:35 of 3rd period - Shot by Miikka Salomaki.
2:35 of 3rd period - Shot Misses the Net.
2:37 of 3rd period - Shot by Tommy Wingels.
2:37 of 3rd period - Shot Misses the Net.
2:58 of 3rd period - Shot by Tommy Wingels.
2:58 of 3rd period - Deflect By Drew Stafford.
2:58 of 3rd period - Shot Blocked by Ryan Suter.
3:15 of 3rd period - Icing by Victor Hedman.
3:16 of 3rd period - Anze Kopitar wins face-off versus Mikko Koivu in Penguins zone.
3:39 of 3rd period - Shot by Mikko Koivu.
3:39 of 3rd period - Shot Misses the Net.
3:42 of 3rd period - Icing by Mark Giordano.
3:43 of 3rd period - Nathan MacKinnon wins face-off versus Brandon Sutter in Penguins zone.
3:52 of 3rd period - Shot by Nathan MacKinnon.
3:52 of 3rd period - Stopped by Corey Crawford without a rebound.
3:53 of 3rd period - Darren Helm wins face-off versus Oliver Bjorkstrand in Devils zone.
3:53 of 3rd period - Tommy Wingels is hit by David Perron and loses puck.
4:22 of 3rd period - Shot by Darren Helm.
4:22 of 3rd period - Shot Misses the Net.
4:30 of 3rd period - Icing by Ales Hemsky.
4:31 of 3rd period - Darren Helm wins face-off versus Anze Kopitar in Devils zone.
4:31 of 3rd period - Darren Helm is hit by Brandon Saad.
4:53 of 3rd period - Icing by Michal Rozsival.
4:54 of 3rd period - James Neal wins face-off versus Jakub Voracek in Devils zone.
4:54 of 3rd period - James Neal is hit by Gabriel Landeskog.
5:03 of 3rd period - Shayne Gostisbehere is hit by Gabriel Landeskog and loses puck.
5:08 of 3rd period - Shot by Mark Giordano.
5:08 of 3rd period - Shot Misses the Net.
5:36 of 3rd period - Shot by Gabriel Landeskog.
5:36 of 3rd period - Deflect By Nathan MacKinnon.
5:36 of 3rd period - Shot Misses the Net.
5:43 of 3rd period - Off-side.
5:44 of 3rd period - Anze Kopitar wins face-off versus Brandon Sutter in neutral zone.
5:44 of 3rd period - Anze Kopitar is hit by Drew Stafford.
6:04 of 3rd period - Shot by Drew Stafford.
6:04 of 3rd period - Stopped by Connor Hellebuyck without a rebound.
6:05 of 3rd period - Darren Helm wins face-off versus Alexander Wennberg in Penguins zone.
6:05 of 3rd period - Ales Hemsky is hit by Dmitry Kulikov and loses puck.
6:12 of 3rd period - Darren Helm is hit by David Perron and loses puck.
6:23 of 3rd period - Shot by Alexander Wennberg.
6:23 of 3rd period - Shot Misses the Net.
6:29 of 3rd period - Shot by David Perron.
6:29 of 3rd period - Stopped by Corey Crawford without a rebound.
6:30 of 3rd period - Mikko Koivu wins face-off versus Brandon Saad in Devils zone.
7:11 of 3rd period - Shot by James Neal.
7:11 of 3rd period - Shot Blocked by Victor Hedman.
7:13 of 3rd period - Shot by James Neal.
7:13 of 3rd period - Shot Blocked by Victor Hedman.
7:29 of 3rd period - Icing by Anton Stralman.
7:30 of 3rd period - Nathan MacKinnon wins face-off versus Mikko Koivu in Devils zone.
7:53 of 3rd period - Shot by Nathan MacKinnon.
7:53 of 3rd period - Shot Misses the Net.
8:09 of 3rd period - Shot by Nathan MacKinnon.
8:09 of 3rd period - Shot Blocked by Michal Rozsival.
8:37 of 3rd period - Seth Jones is hit by Steven Kampfer and loses puck.
8:57 of 3rd period - Minor Penalty to Darren Helm for Hooking.
8:58 of 3rd period - Anze Kopitar wins face-off versus Drew Stafford in Devils zone.
9:58 of 3rd period - Icing by Jakub Voracek.
9:59 of 3rd period - Drew Stafford wins face-off versus Jakub Voracek in Penguins zone.
10:27 of 3rd period - Gabriel Landeskog is hit by Dougie Hamilton.
11:13 of 3rd period - Shot by David Perron.
11:13 of 3rd period - Shot Misses the Net.
11:29 of 3rd period - Shot by Alexander Wennberg.
11:29 of 3rd period - Stopped by Corey Crawford with a rebound.
11:31 of 3rd period - Shot by Oliver Bjorkstrand.
11:31 of 3rd period - Deflect By David Perron.
11:31 of 3rd period - Stopped by Corey Crawford without a rebound.
11:32 of 3rd period - Anze Kopitar wins face-off versus Mikko Koivu in Devils zone.
11:39 of 3rd period - Shot by Mike Cammalleri.
11:39 of 3rd period - Deflect By Brandon Saad.
11:39 of 3rd period - Stopped by Corey Crawford without a rebound.
11:40 of 3rd period - Mike Cammalleri wins face-off versus Mikko Koivu in Devils zone.
11:56 of 3rd period - Icing by Ryan Suter.
11:57 of 3rd period - Anze Kopitar wins face-off versus Drew Stafford in Penguins zone.
13:14 of 3rd period - Shot by Tyler Johnson.
13:14 of 3rd period - Shot Misses the Net.
13:31 of 3rd period - Shot by James Neal.
13:31 of 3rd period - Shot Misses the Net.
13:33 of 3rd period - Shot by Dougie Hamilton.
13:33 of 3rd period - Shot Blocked by Mark Giordano.
13:53 of 3rd period - Shot by Valtteri Filppula.
13:53 of 3rd period - Shot Misses the Net.
14:34 of 3rd period - Shot by Darren Helm.
14:34 of 3rd period - Stopped by Connor Hellebuyck without a rebound.
14:35 of 3rd period - Mikko Koivu wins face-off versus Anze Kopitar in Penguins zone.
14:36 of 3rd period - Shot by Tyler Johnson.
14:36 of 3rd period - Stopped by Connor Hellebuyck with a rebound.
14:42 of 3rd period - Anze Kopitar is hit by James Neal and loses puck.
15:10 of 3rd period - Shot by Brandon Saad.
15:10 of 3rd period - Shot Misses the Net.
15:12 of 3rd period - Shot by Anze Kopitar.
15:12 of 3rd period - Shot Misses the Net.
15:14 of 3rd period - Shot by Anze Kopitar.
15:14 of 3rd period - Stopped by Corey Crawford without a rebound.
15:15 of 3rd period - Alexander Wennberg wins face-off versus Darren Helm in Devils zone.
15:15 of 3rd period - Alexander Wennberg is hit by Michal Rozsival.
16:06 of 3rd period - Minor Penalty to Mark Arcobello for Interference.
16:07 of 3rd period - Brandon Sutter wins face-off versus Luke Glendening in Penguins zone.
16:08 of 3rd period - Shot by Anton Stralman.
16:08 of 3rd period - Stopped by Connor Hellebuyck without a rebound.
16:09 of 3rd period - Tyler Johnson wins face-off versus Luke Glendening in Penguins zone.
16:10 of 3rd period - Shot by Anton Stralman.
16:10 of 3rd period - Stopped by Connor Hellebuyck without a rebound.
16:11 of 3rd period - Luke Glendening wins face-off versus James Neal in Penguins zone.
16:20 of 3rd period - Shot by Tyler Johnson.
16:20 of 3rd period - Shot Misses the Net.
16:22 of 3rd period - Shot by Anton Stralman.
16:22 of 3rd period - Shot Misses the Net.
16:24 of 3rd period - Shot by Anton Stralman.
16:24 of 3rd period - Stopped by Connor Hellebuyck with a rebound.
16:26 of 3rd period - Shot by Anton Stralman.
16:26 of 3rd period - Shot Misses the Net.
16:42 of 3rd period - Shot by James Neal.
16:42 of 3rd period - Shot Misses the Net.
16:48 of 3rd period - Shot by James Neal.
16:48 of 3rd period - Stopped by Connor Hellebuyck without a rebound.
16:49 of 3rd period - Brandon Sutter wins face-off versus Luke Glendening in Penguins zone.
16:50 of 3rd period - Shot by Shayne Gostisbehere.
16:50 of 3rd period - Stopped by Connor Hellebuyck without a rebound.
16:51 of 3rd period - Brandon Sutter wins face-off versus Luke Glendening in Penguins zone.
17:02 of 3rd period - Shot by Drew Stafford.
17:02 of 3rd period - Shot Misses the Net.
17:04 of 3rd period - Shot by Shayne Gostisbehere.
17:04 of 3rd period - Goal by Shayne Gostisbehere - Devils : 2 - Penguins : 2.
17:05 of 3rd period - Nathan MacKinnon wins face-off versus Darren Helm in neutral zone.
17:12 of 3rd period - Shot by Jakub Voracek.
17:12 of 3rd period - Shot Misses the Net.
17:18 of 3rd period - Shot by Jakub Voracek.
17:18 of 3rd period - Shot Blocked by Dougie Hamilton.
17:22 of 3rd period - Shot by Nathan MacKinnon.
17:22 of 3rd period - Shot Blocked by Anton Stralman.
17:34 of 3rd period - Shot by Darren Helm.
17:34 of 3rd period - Shot Misses the Net.
17:55 of 3rd period - Icing by Gabriel Landeskog.
17:56 of 3rd period - Nathan MacKinnon wins face-off versus Brandon Sutter in Penguins zone.
17:56 of 3rd period - Nathan MacKinnon is hit by Drew Stafford.
18:59 of 3rd period - Icing by Mike Cammalleri.
19:00 of 3rd period - Anze Kopitar wins face-off versus Darren Helm in Penguins zone.
19:00 of 3rd period - Anze Kopitar is hit by Tommy Wingels.
19:22 of 3rd period - Shot by Ales Hemsky.
19:22 of 3rd period - Shot Hit the Post.
19:27 of 3rd period - Icing by Alexander Wennberg.
19:28 of 3rd period - Mikko Koivu wins face-off versus Alexander Wennberg in Penguins zone.
19:37 of 3rd period - Shot by Oliver Bjorkstrand.
19:37 of 3rd period - Shot Blocked by Tyler Johnson.
19:41 of 3rd period - Shot by Oliver Bjorkstrand.
19:41 of 3rd period - Stopped by Corey Crawford without a rebound.
19:42 of 3rd period - Brandon Sutter wins face-off versus Nathan MacKinnon in Devils zone.
19:58 of 3rd period - Ryan Suter is hit by Michal Rozsival and loses puck.
Goals for this period are 1 for Devils vs 0 for Penguins.
Shots for this period are 11 for Devils vs 9 for Penguins.

Overtime #1


0:01 of 1st overtime period - Anze Kopitar wins face-off versus Mikko Koivu in neutral zone.
0:26 of 1st overtime period - Shot by Anton Stralman.
0:26 of 1st overtime period - Stopped by Connor Hellebuyck with a rebound.
0:33 of 1st overtime period - Off-side.
0:34 of 1st overtime period - Anze Kopitar wins face-off versus Brandon Sutter in neutral zone.
1:42 of 1st overtime period - Icing by James Neal.
1:43 of 1st overtime period - Nathan MacKinnon wins face-off versus Mikko Koivu in Devils zone.
2:04 of 1st overtime period - Shot by James Neal.
2:04 of 1st overtime period - Shot Blocked by Mark Giordano.
2:06 of 1st overtime period - Shot by Mikko Koivu.
2:06 of 1st overtime period - Stopped by Connor Hellebuyck without a rebound.
2:07 of 1st overtime period - Anze Kopitar wins face-off versus Mikko Koivu in Penguins zone.
3:29 of 1st overtime period - Shot by Mark Giordano.
3:29 of 1st overtime period - Shot Misses the Net.
3:31 of 1st overtime period - Shot by Mike Cammalleri.
3:31 of 1st overtime period - Stopped by Corey Crawford without a rebound.
3:32 of 1st overtime period - Mikko Koivu wins face-off versus Jakub Voracek in Devils zone.
4:07 of 1st overtime period - Shot by Brandon Saad.
4:07 of 1st overtime period - Shot Misses the Net.
4:17 of 1st overtime period - Shot by Mike Cammalleri.
4:17 of 1st overtime period - Deflect By Anze Kopitar.
4:17 of 1st overtime period - Stopped by Corey Crawford without a rebound.
4:18 of 1st overtime period - Tyler Johnson wins face-off versus Anze Kopitar in Devils zone.
4:35 of 1st overtime period - Shot by Anze Kopitar.
4:35 of 1st overtime period - Shot Blocked by James Neal.
4:37 of 1st overtime period - Shot by Mark Giordano.
4:37 of 1st overtime period - Shot Misses the Net.
4:39 of 1st overtime period - Shot by Mark Giordano.
4:39 of 1st overtime period - Goal by Mark Giordano - Devils : 2 - Penguins : 3.
Goals for this period are 0 for Devils vs 1 for Penguins.
Shots for this period are 2 for Devils vs 3 for Penguins.